 Dungeon Crawl Stone Soup version 0.23.0-3-gf3c87f2df8 (webtiles) character file.

Game seed: 11332436014736328569

4558 LLavrengius the Fighter (level 10, -5/87 HPs)
             Began as an Octopode Transmuter on Feb 20, 2019.
             Was an Initiate of Gozag.
             Slain by a three-headed hydra (10 damage)
             ... on level 8 of the Dungeon on Feb 21, 2019.
             The game lasted 00:45:33 (11852 turns).

LLavrengius the Fighter (Octopode Transmuter)      Turns: 11852, Time: 00:45:38

Health: -5/87      AC:  6    Str:  6 (9)  XL:     10   Next: 40%
Magic:  0/21       EV: 10    Int: 18 (19) God:    Gozag
Gold:   533        SH:  0    Dex: 15 (16) Spells: 14/24 levels left

rFire    x . .     SeeInvis .     - Unarmed
rCold    + + +     Gourm    .   (shield currently unavailable)
rNeg     + . .     Faith    .   (helmet currently unavailable)
rPois    +         Spirit   +   h - amulet of guardian spirit
rElec    .         Reflect  .   g - ring of positive energy
rCorr    .         Harm     .   u - +3 ring of dexterity
MR       .....                  v - ring of stealth
Stlth    ++........             E - ring of poison resistance
HPRegen  0.24/turn              (no ring)
MPRegen  0.17/turn              (no ring)
                                (no ring)
                                (no ring)

@: ice-form, hasted, very quick
A: large, almost no armour, stealthy swim, amphibious, 8 rings, (constrict 8)
a: End Transformation, Potion Petition, Call Merchant, Bribe Branch, Renounce
Religion


You were on level 8 of the Dungeon.
You worshipped Gozag.
Gozag was pleased with you.
You were hungry.
You were a creature of crystalline ice.
You visited 2 branches of the dungeon, and saw 9 of its levels.

You collected 645 gold pieces.
You paid 112 gold pieces to Gozag.

Inventory:

Hand Weapons
 d - a +2 short sword of freezing
 e - a +0 spear
Missiles
 a - 78 arrows
 b - 9 tomahawks (quivered)
Jewellery
 g - a ring of positive energy (left front paw)
 h - an amulet of guardian spirit (around neck)
 p - an uncursed amulet of the gourmand
 u - a +3 ring of dexterity (right front paw)
 v - a ring of stealth (on tentacle)
 A - an uncursed ring of ice
 C - an uncursed ring of protection from cold {unknown}
 E - a ring of poison resistance (on tentacle)
Wands
 s - a wand of flame (14)
 y - a wand of clouds (3)
Scrolls
 f - 6 scrolls of teleportation
 k - a scroll of magic mapping
 l - 3 scrolls of remove curse {unknown}
 m - a scroll of enchant weapon {unknown}
 t - 3 scrolls of amnesia {unknown}
 w - 4 scrolls of identify
 x - a scroll of noise {unknown}
 z - a scroll of random uselessness {unknown}
Potions
 i - 4 potions of curing
 j - 2 potions of degeneration
 n - 5 potions of flight
 o - 2 potions of haste
 q - a potion of might {unknown}
 r - a potion of magic {unknown}
 B - a potion of heal wounds {unknown}
 D - a potion of ambrosia
 F - a potion of mutation {unknown}
Comestibles
 c - 7 rations


   Skills:
 + Level 8.8 Fighting
 - Level 2.0 Dodging
 + Level 5.3 Unarmed Combat
 + Level 7.5 Spellcasting
 - Level 7.0 Transmutations
 - Level 4.1 Ice Magic


You had 14 spell levels left.
You knew the following spells:

 Your Spells              Type           Power        Failure   Level  Hunger
a - Beastly Appendage     Tmut           ####..       1%          1    None
b - Sticks to Snakes      Tmut           ####....     1%          2    None
c - Spider Form           Tmut/Pois      ###.......   8%          3    #......
d - Ice Form              Ice/Tmut       ####....     11%         4    ###....

Your spell library contained the following spells:

 Spells                   Type           Power        Failure   Level  Hunger
 Blade Hands              Tmut           ####......   16%         5    #####..


Dungeon Overview and Level Annotations

Branches:
Dungeon (8/15)             Temple (1/1) D:6
   Lair: D:8-11

Altars:
Ashenzari
Cheibriados
Dithmenos
Elyvilon
Fedhas
Gozag
Hepliaklqana
Kikubaaqudgha
Makhleb
Nemelex Xobeh
Okawaru
Qazlal
Ru
Sif Muna
Trog
Uskayaw
Vehumet
Wu Jian
Xom
Yredelemnul
Zin
The Shining One
Lugonu

Shops:
D:7 =   D:8 [


Innate Abilities, Weirdness & Mutations

You cannot wear most types of armour.
You are very stealthy in the water. (Stealth+)
You are amphibious.
You can wear up to eight rings at the same time.
((You can use your tentacles to constrict eight enemies at once.))
((Your skin changes colour to match your surroundings (Stealth+).))
((Your rubbery body absorbs attacks. (AC +1, EV +1)))


Message History

You pummel the big kobold!! You freeze the big kobold.
You kill the big kobold!
You warm up again.
The three-headed hydra is no longer moving slowly.
Casting: Ice Form (safe; 11% risk of failure)
Confirm with . or Enter, or press ? or * to list all spells.
You turn into a creature of crystalline ice.
You are feeling hungry.
You punch the three-headed hydra!
The three-headed hydra seems to slow down.
You freeze the three-headed hydra.
The three-headed hydra is lightly wounded.
You pummel the three-headed hydra!! You freeze the three-headed hydra.
The three-headed hydra is heavily wounded.
The three-headed hydra bites you!
* * * LOW HITPOINT WARNING * * *
The three-headed hydra barely misses you.
The three-headed hydra bites you!
You die...
Your body crumbles into a pile of gold.

..# ##.#......###.## ##### #.#
##.#####..)>..### ....# #.#
####..# #....)....
....#####.####....######...######
.................................
....###...........######...######
....####...##########..........#
.......#...#.%$...%%###........#
##.###.#...#).#DY...# #....>...#
#.# #....[#+###'''## #........#
#.# ###...#.≈P.....# #........#
#.# #...#P≈≈%%P..# #........# #.#
#...#≈$P.....######>#####
##.#######.#P≈.(....#..###.#
...........#PP≈.≈.≈.#......#
.....###########.####.######
.....# #.....(#


You could see a three-headed hydra.

Vanquished Creatures
  Prince Ribbit (D:7)
  2 dream sheep (D:8)
  Sigmund (D:3)
  2 yaks (D:8)
  A hungry ghost (D:8)
  Duvessa (D:7)
  2 orc warriors
  4 slaves (D:3)
  A sky beast (D:8)
  An ogre (D:5)
  2 phantoms (D:6)
  2 centaurs
  4 big kobolds
  5 bullfrogs
  Dowan (D:7)
  A scorpion (D:5)
  5 killer bees (D:8)
  2 wights
  2 howler monkeys
  5 crimson imps
  A centaur zombie (D:5)
  3 hounds
  A jelly (D:7)
  11 orc wizards
  An orc priest (D:5)
  2 centaur skeletons
  5 iguanas
  Jessica (D:3)
  6 worker ants
  3 hound skeletons
  A worker ant zombie (D:5)
  A howler monkey zombie (D:5)
  6 gnolls
  7 adders
  3 shadow imps
  An ooze (D:4)
  An adder skeleton (D:6)
  3 worms
  4 dart slugs
  3 leopard geckos
  29 orcs
  7 bats
  7 giant cockroaches
  5 goblins
  8 hobgoblins
  9 jackals
  A quokka (D:3)
  7 frilled lizards
  16 kobolds
  A leopard gecko skeleton (D:4)
  5 rats
204 creatures vanquished.

Vanquished Creatures (collateral kills)
  Pikel (D:4)
  An orc (D:4)
2 creatures vanquished.

Grand Total: 206 creatures vanquished

Notes
Turn   | Place    | Note
-------+----------+-------------------------------------------
     0 | D:1      | LLavrengius the Octopode Transmuter began the quest for the
                  | Orb.
     0 | D:1      | Reached XP level 1. HP: 13/13 MP: 3/3
   249 | D:1      | Reached XP level 2. HP: 18/18 MP: 5/5
   253 | D:1      | Learned a level 2 spell: Sticks to Snakes
   932 | D:1      | Reached XP level 3. HP: 23/23 MP: 6/6
  1073 | D:2      | Learned a level 3 spell: Spider Form
  1331 | D:2      | Reached skill level 2 in Fighting
  1624 | D:2      | Reached XP level 4. HP: 29/29 MP: 7/7
  1730 | D:2      | Found a white marble altar of Elyvilon.
  1730 | D:2      | Found an ancient bone altar of Kikubaaqudgha.
  1731 | D:2      | Found a bloodstained altar of Trog.
  2183 | D:3      | Noticed Sigmund
  2194 | D:3      | Killed Sigmund
  2194 | D:3      | Reached skill level 3 in Fighting
  2194 | D:3      | Reached XP level 5. HP: 20/37 MP: 3/8
  2409 | D:3      | Found a glowing golden altar of the Shining One.
  2503 | D:3      | Reached XP level 6. HP: 42/43 MP: 9/9
  2540 | D:3      | Found a sparkling altar of Nemelex Xobeh.
  2622 | D:3      | Noticed Jessica
  2635 | D:3      | Killed Jessica
  2728 | D:4      | Reached skill level 4 in Fighting
  2742 | D:3      | Reached skill level 5 in Transmutations
  2986 | D:4      | Found a snail-covered altar of Cheibriados.
  3001 | D:4      | Noticed a slave
  3001 | D:4      | Noticed a slave
  3058 | D:3      | Killed a slave
  3315 | D:4      | Noticed a slave
  3315 | D:4      | Noticed a slave
  3316 | D:4      | Noticed Pikel
  3327 | D:3      | Killed a slave
  3634 | D:4      | Reached XP level 7. HP: 25/49 MP: 7/11
  4075 | D:4      | Killed Pikel
  4075 | D:4      | Reached skill level 5 in Fighting
  4447 | D:4      | Reached XP level 8. HP: 49/55 MP: 10/13
  4465 | D:4      | Found a sacrificial altar of Ru.
  4737 | D:5      | Entered Level 5 of the Dungeon
  4884 | D:5      | HP: 1/56 [scorpion (6)]
  5705 | D:5      | Reached skill level 6 in Fighting
  5921 | D:5      | Found a shimmering altar of Xom.
  6093 | D:6      | Learned a level 4 spell: Ice Form
  6233 | D:6      | Reached skill level 5 in Spellcasting
  6375 | D:6      | Reached skill level 1 in Ice Magic
  6969 | D:6      | Reached XP level 9. HP: 59/63 MP: 14/16
  7532 | D:6      | Found an iron altar of Okawaru.
  7751 | D:6      | Found a staircase to the Ecumenical Temple.
  7760 | Temple   | Entered the Ecumenical Temple
  8479 | D:5      | Reached skill level 7 in Fighting
  9317 | D:7      | Found the +0 pair of fencer's gloves {Riposte Dex+3}
  9819 | D:7      | Noticed Duvessa
  9842 | D:7      | Killed Duvessa
  9849 | D:7      | Noticed Dowan
  9869 | D:7      | Killed Dowan
  9874 | D:7      | Found Hise's Jewellery Emporium.
 10327 | Temple   | Became a worshipper of Gozag Ym Sagoz the Greedy
 10494 | D:7      | Noticed Prince Ribbit
 10510 | D:7      | Killed Prince Ribbit
 10675 | D:7      | Found a burning altar of Makhleb.
 10776 | D:7      | Found a deep blue altar of Sif Muna.
 10989 | D:8      | Found Ommidgh Zofi's Armour Emporium.
 11007 | D:8      | Reached skill level 8 in Fighting
 11108 | D:8      | Reached XP level 10. HP: 48/72 MP: 17/20
 11243 | D:8      | Noticed a rust devil
 11244 | D:8      | Found a corrupted altar of Lugonu.
 11244 | D:8      | Noticed an orange demon
 11244 | D:8      | Noticed an orange demon
 11803 | D:8      | Reached skill level 5 in Unarmed Combat
 11841 | D:8      | Noticed a three-headed hydra
 11852 | D:8      | Slain by a three-headed hydra

Skill      XL: |  1  2  3  4  5  6  7  8  9 10 |
---------------+-------------------------------+-----
Transmutations | 3 4 5 6 7 |  7.0
Fighting       | 2 3 4 5 6 8 |  8.8
Spellcasting   | 3 5 6 7 |  7.5
Ice Magic      | 1 4 |  4.1
Unarmed Combat | 4 5 |  5.3
Dodging        | |  2.0

Action                   |  1- 3 |  4- 6 |  7- 9 | 10-12 || total
-------------------------+-------+-------+-------+-------++-------
Melee: Unarmed           |   102 |   129 |   501 |   104 ||   836
       Constrict         |    26 |    26 |    65 |    10 ||   127
       Tentacles         |    16 |    24 |    82 |     6 ||   128
       Punch             |     1 |     3 |    11 |     1 ||    16
       Kick              |       |       |    31 |     4 ||    35
       Spear             |       |       |     4 |       ||     4
 Cast: Spider Form       |       |     1 |    16 |     3 ||    20
       Sticks to Snakes  |       |     2 |     4 |     1 ||     7
       Beastly Appendage |       |     1 |    12 |     1 ||    14
       Ice Form          |       |       |       |     2 ||     2
Invok: Potion Petition   |       |       |       |     1 ||     1
Evoke: Wand              |       |       |     1 |       ||     1
  Use: Scroll            |       |       |     5 |       ||     5
       Potion            |       |       |     2 |     3 ||     5
 Stab: Sleeping          |     8 |     6 |    17 |     3 ||    34
       Distracted        |       |     1 |     2 |     1 ||     4
       Confused          |       |       |     1 |       ||     1
  Eat: Chunk             |     2 |     7 |    26 |       ||    35
       Ration            |       |       |     1 |     1 ||     2
Armor: Skin              |    14 |     8 |    14 |     7 ||    43
Dodge: Dodged            |    81 |    72 |   346 |    51 ||   550
